 Dungeon Crawl Stone Soup version 0.23-a0-550-g7de1f8e (console) character file.

2213 Duffy the Thaumaturge (level 9, -1/45 HPs)
             Began as a Deep Elf Fire Elementalist on Dec 9, 2018.
             Was an Initiate of Vehumet.
             Slain by Duvessa
             ... wielding a +0 short sword
              (9 damage)
             ... on level 6 of the Dungeon.
             The game lasted 00:10:27 (7194 turns).

Duffy the Thaumaturge (Deep Elf Fire Elementalist)  Turns: 7194, Time: 00:10:28

Health: -1/45      AC: -1    Str:  5    XL:     9   Next: 13%
Magic:  6/24       EV: 13    Int: 24    God:    Vehumet [......]
Gold:   353        SH:  0    Dex: 18    Spells: 11/26 levels left

rFire    + . .     SeeInvis .   d - +1 flail (holy)
rCold    + . .     Gourm    .   (no shield)
rNeg     . . .     Faith    .   a - +0 robe
rPois    .         Spirit   .   (no helmet)
rElec    .         Reflect  .   t - scarf {rC+ rF+}
rCorr    .         Harm     .   (no gloves)
MR       .....                  (no boots)
Stlth    ++........             (no amulet)
HPRegen  0.15/turn              l - +3 ring of dexterity
MPRegen  0.19/turn              q - -3 ring of protection (curse)

@: no status effects
A: no striking features
a: Renounce Religion


You were on level 6 of the Dungeon.
You worshipped Vehumet.
Vehumet was noncommittal.
You were very hungry.

You visited 2 branches of the dungeon, and saw 7 of its levels.
You also visited: Sewer.

You collected 353 gold pieces.

Inventory:

Hand Weapons
 d - a +1 flail of holy wrath (weapon)
 x - a +0 blowgun
Armour
 a - a +0 robe (worn)
 f - a +0 cloak
 t - a scarf of resistance (worn)
Jewellery
 l - a +3 ring of dexterity (left hand)
 q - a cursed -3 ring of protection (right hand)
Scrolls
 b - 3 scrolls of amnesia
 h - a scroll of enchant armour
 i - 2 scrolls of blinking
 o - 5 scrolls of teleportation
 s - a scroll of fog
Potions
 e - 2 potions of invisibility {unknown}
 g - 3 potions of degeneration {unknown}
 j - a potion of curing {unknown}
 k - a potion of berserk rage {unknown}
 m - a potion of lignification {unknown}
 n - 2 potions of haste {unknown}
 p - a potion of magic {unknown}
 r - a potion of flight {unknown}
 u - a potion of agility {unknown}
Comestibles
 c - 14 rations


   Skills:
 - Level 2.4 Dodging
 - Level 2.4 Stealth
 + Level 9.3 Spellcasting
 + Level 8.1 Conjurations
 + Level 8.2 Fire Magic


You had 11 spell levels left.
You knew the following spells:

 Your Spells              Type           Power        Failure   Level  Hunger
a - Throw Flame           Conj/Fire      ######       1%          2    None
h - Flame Tongue          Conj/Fire      #####        1%          1    None
j - Sticky Flame          Conj/Fire      ######..     1%          4    ##.....
k - Fireball              Conj/Fire      ######....   5%          5    ####...
l - Conjure Flame         Conj/Fire      ######..     1%          3    None

Your spell library contained the following spells:

 Spells                   Type           Power        Failure   Level  Hunger
 Inner Flame              Hex/Fire       ####....     3%          3    None


Dungeon Overview and Level Annotations

Branches:
Dungeon (6/15)             Temple (1/1) D:5

Altars:
Ashenzari
Cheibriados
Dithmenos
Elyvilon
Fedhas
Gozag
Hepliaklqana
Kikubaaqudgha
Nemelex Xobeh
Qazlal
Ru
Sif Muna
Trog
Uskayaw
Vehumet
Wu Jian
Xom
Yredelemnul
Zin
Lugonu

Shops:
D:4 [

Annotations:
D:3 1 runed door
D:5 2 transporters, wilfster70's ghost, novice DsBe
D:6 Duvessa


Message History

Duvessa hits you with a +0 short sword!!
Casting: Fireball (safe; 5% risk of failure)
Confirm with . or Enter, or press ? or * to list all spells.
Aiming: Sticky Flame (safe; 1% risk of failure)
Press: ? - help, Shift-Dir - straight line, f/p - Duvessa
Aim: Duvessa, wielding a +0 short sword and wearing a +0 chain mail (flame, The sticky flame hits Duvessa.
Duvessa is heavily wounded.
Duvessa is covered in liquid flames!
Duvessa burns!
Duvessa is engulfed in blazing flames.
Duvessa hits you with a +0 short sword!
Casting: Sticky Flame (safe; 1% risk of failure)
Confirm with . or Enter, or press ? or * to list all spells.
Aiming: Flame Tongue (safe; 1% risk of failure)
Press: ? - help, Shift-Dir - straight line, f/p - Duvessa
Aim: Duvessa, wielding a +0 short sword and wearing a +0 chain mail (flame, The flame tongue hits Duvessa.
Duvessa appears unharmed.
Duvessa is severely wounded.
Duvessa burns!
Duvessa hits you with a +0 short sword.
Duvessa is engulfed in blazing flames.
Duvessa hits you with a +0 short sword!
You die...

..#.(...#_#..............#.....#.).
..#.....###..............#.....#...
..#......#...............#.....#...
#....(.##+##+#########'#.....#..#
....####..........# ##........##..#
....#..#..........# .#...?....#...#
... #..#..........#..#........#...#
.. #..#..........#..#........#...#
#..#.........@e..#........#...#
#..#..........#).#........#...'
##'#..........####........#####
#....#'###..........####.......
#....#...#..........'..#.......
#....#...#..........#..'.......
#####....#####..........##.#.......
....#....#...#......##########'##..
....#....'...#.....##########...+..


You could see Duvessa (berserk).

Vanquished Creatures
  A hippogriff (D:5)
  Edmund (D:5)
  An ice beast (D:6)
  4 ogres
  7 big kobolds
  4 bullfrogs (D:6)
  Dowan (D:6)
  A howler monkey (D:4)
  An orc priest (D:4)
  A bullfrog skeleton (D:4)
  3 worker ants
  An iguana (D:5)
  5 orc wizards
  A hound zombie (D:5)
  2 worker ant zombies (D:5)
  6 gnolls (D:2)
  13 adders
  3 oozes (Sewer)
  An adder zombie (D:5)
  An adder skeleton (D:4)
  6 worms
  3 dart slugs
  5 leopard geckos
  12 orcs
  11 ball pythons
  3 giant cockroaches
  10 goblins
  6 hobgoblins
  A quokka (D:4)
  12 bats
  2 frilled lizards
  16 kobolds
  A leopard gecko skeleton (D:5)
  A quokka skeleton (D:4)
  11 rats
158 creatures vanquished.

Notes
Turn   | Place    | Note
-------+----------+-------------------------------------------
     0 | D:1      | Duffy the Deep Elf Fire Elementalist began the quest for
                  | the Orb.
     0 | D:1      | Reached XP level 1. HP: 10/10 MP: 6/6
   232 | D:1      | Reached XP level 2. HP: 15/15 MP: 5/8
   796 | D:1      | Reached XP level 3. HP: 19/19 MP: 7/9
   801 | D:1      | Learned a level 3 spell: Conjure Flame
   804 | D:1      | Learned a level 2 spell: Throw Flame
  1537 | D:2      | Reached XP level 4. HP: 24/24 MP: 5/11
  1695 | D:2      | Found a faded altar of an unknown god.
  1967 | D:2      | Reached skill level 4 in Spellcasting
  2055 | D:2      | Reached XP level 5. HP: 19/28 MP: 2/13
  2353 | D:2      | Found a bloodstained altar of Trog.
  2561 | D:3      | Found a white marble altar of Elyvilon.
  2561 | D:3      | Found a runed door.
  2561 | D:3      | Noticed an angel
  2765 | D:3      | Found a white marble altar of Elyvilon.
  2856 | D:3      | Learned a level 4 spell: Sticky Flame
  3323 | D:3      | Reached XP level 6. HP: 32/32 MP: 8/15
  3472 | D:4      | Reached skill level 5 in Spellcasting
  3735 | D:4      | Found Ihonick's Antique Armour Emporium.
  3767 | D:4      | Reached skill level 5 in Conjurations
  3767 | D:4      | Reached skill level 5 in Fire Magic
  3898 | D:4      | Found a hazy altar of Hepliaklqana.
  4042 | D:4      | Reached skill level 6 in Spellcasting
  4042 | D:4      | Reached XP level 7. HP: 36/36 MP: 11/18
  4568 | D:5      | Entered Level 5 of the Dungeon
  4587 | D:5      | Found a transporter.
  4615 | D:5      | Noticed Edmund
  4727 | D:5      | Noticed a hippogriff
  4738 | D:5      | Killed a hippogriff
  4738 | D:5      | Reached skill level 7 in Spellcasting
  4939 | D:5      | Found a glowing silver altar of Zin.
  4966 | D:5      | Reached XP level 8. HP: 41/41 MP: 11/20
  5032 | D:5      | Learned a level 5 spell: Fireball
  5059 | D:5      | Killed Edmund
  5197 | D:5      | Found a staircase to the Ecumenical Temple.
  5206 | Temple   | Entered the Ecumenical Temple
  5457 | D:5      | Found a transporter.
  5457 | D:5      | Noticed wilfster70's ghost (novice DsBe)
  5498 | D:6      | Found a snail-covered altar of Cheibriados.
  5596 | D:6      | Found a glowing drain.
  5605 | Sewer    | Entered a sewer
  5662 | Sewer    | Reached skill level 8 in Spellcasting
  6562 | D:6      | Found a sacrificial altar of Ru.
  6645 | D:6      | Found a shimmering altar of Xom.
  6646 | D:6      | Found a sparkling altar of Nemelex Xobeh.
  6648 | D:6      | Found a radiant altar of Vehumet.
  6648 | D:6      | Found a deep blue altar of Sif Muna.
  6648 | D:6      | Found an ancient bone altar of Kikubaaqudgha.
  6650 | D:6      | Found a bloodstained altar of Trog.
  6650 | D:6      | Found a basalt altar of Yredelemnul.
  6653 | D:6      | Found a blossoming altar of Fedhas.
  6659 | D:6      | Became a worshipper of Vehumet
  6692 | D:6      | Reached skill level 9 in Spellcasting
  6828 | D:6      | Reached XP level 9. HP: 45/45 MP: 18/24
  7186 | D:6      | Noticed Dowan
  7186 | D:6      | Noticed Duvessa
  7192 | D:6      | Killed Dowan
  7194 | D:6      | Slain by Duvessa

Vault maps used:
D:1:      dpeg_arrival_houses_and_road
D:2:      first_ration, chequers_ecumenical_altar_twisty,
          kennysheep_minor_cross, trog_three_pillars_becter
D:3:      elyvilon_altar_5, lemuel_angel_altar
D:4:      overflow_temple_1_default, serial_shops, kennysheep_mini_moat
D:5:      overflow_temple_1_default, minmay_temple_entry_poolview,
          gammafunk_ghost_smash, item_on_display_a, uniq_edmund
D:6:      nicolae_ru_great_annihilating_truth, kennysheep_slug_shrine,
          grunt_temple_overflow_open, portal_sewer_entry_d, uniq_duvessa
Temple:   corrupted_temple
Sewer:    sewer_co_tree

Skill      XL: |  1  2  3  4  5  6  7  8 |
---------------+-------------------------+-----
Conjurations   | 2 3 4 5 6 8 |  8.1
Fire Magic     | 4 5 6 8 |  8.2
Spellcasting   | 4 6 7 9 |  9.3
Dodging        | |  2.4
Stealth        | |  2.4

Action                   |  1- 3 |  4- 6 |  7- 9 || total
-------------------------+-------+-------+-------++-------
Melee: Unarmed           |       |       |     1 ||     1
       Flail             |       |       |     1 ||     1
 Cast: Flame Tongue      |    64 |   111 |   140 ||   315
       Conjure Flame     |       |     1 |     5 ||     6
       Sticky Flame      |       |     4 |    11 ||    15
       Fireball          |       |       |     2 ||     2
  Use: Scroll            |       |     3 |     5 ||     8
  Eat: Chunk             |     2 |     8 |    10 ||    20
Armor: Robe              |     3 |     7 |     2 ||    12
Dodge: Dodged            |    22 |    18 |    64 ||   104

Table legend:
 A = Non-vault XP
 B = Vault XP
 C = Vault XP percentage of total XP
 D = Non-vault monster count
 E = Vault monster count
 F = Vault count percentage of total count
                 A         B        C        D         E       F
            +---------+---------+-------+---------+---------+-------
      Total |    2152 |    1010 |  31.9 |     122 |      36 |  22.8
            +---------+---------+-------+---------+---------+-------
        D:1 |      53 |       0 |   0.0 |      30 |       0 |   0.0
        D:2 |     177 |       0 |   0.0 |      25 |       0 |   0.0
        D:3 |     165 |       0 |   0.0 |      24 |       0 |   0.0
        D:4 |     548 |       0 |   0.0 |      19 |       0 |   0.0
        D:5 |     493 |     164 |  25.0 |      10 |       1 |   9.1
        D:6 |     716 |     132 |  15.6 |      14 |       7 |  33.3
      Sewer |       0 |     714 | 100.0 |       0 |      28 | 100.0
            +---------+---------+-------+---------+---------+-------
